 Dungeon Crawl Stone Soup version 0.22-a0-348-gd16d139 (webtiles) character file.

191377 Firecrotchwizard the Warrior (level 18, -10/104 HPs)
             Began as a Vine Stalker Fighter on Apr 11, 2018.
             Was the Champion of Okawaru.
             Mangled by a kraken (13 damage)
             ... on level 1 of the Shoals on Apr 12, 2018.
             The game lasted 00:55:32 (23992 turns).

Firecrotchwizard the Warrior (VSFi)                Turns: 23992, Time: 00:55:32

Health: -10/104    AC: 18    Str: 21    XL:     18   Next: 64%
Magic:  0/25       EV: 20    Int:  8    God:    Okawaru [******]
Gold:   256        SH: 23    Dex: 23    Spells: 15/17 levels left

rFire    + + .     SeeInvis .   Z - +6 demon whip (elec)
rCold    + . .     Gourm    .   c - +1 shield
rNeg     + . .     Faith    .   Y - +0 chain mail {MR+}
rPois    +         Spirit   +   V - -2 hat of the Alchemist {rElec rPois rF+ rC+ rN+ MR+ rMut rCorr}
rElec    +         Reflect  +   (no cloak)
rCorr    +         Harm     .   R - +2 pair of gloves {Dex+3}
rMut     +                      p - +0 pair of boots {Fly}
MR       ++++.                  e - +5 amulet of reflection
Stlth    ..........             K - +3 ring of protection
HPRegen  1.07/turn              L - ring of protection from fire {rF+, !d}
MPRegen  0.19/turn

@: heroism, finesse, flying
A: fangs 3, regeneration 2, magic shield, antimagic bite, no potion heal 3, rot
immunity, subdued magic 1
a: Heroism, Finesse, Renounce Religion, Stop Flying


You were on level 1 of the Shoals.
You worshipped Okawaru.
Okawaru was exalted by your worship.
You were not hungry.

You visited 5 branches of the dungeon, and saw 25 of its levels.
You also visited: Ice Cave.

You collected 1848 gold pieces.
You spent 1592 gold pieces at shops.

Inventory:

Hand Weapons
 z - the +8 whip "Snakebite" {curare, rPois}
   (You found it on level 5 of the Lair of Beasts)

   It poisons the flesh of those it strikes.
   It protects you from poison.
 Z - a +6 demon whip of electrocution (weapon)
   (Okawaru gifted it to you on level 2 of the Lair of Beasts)
Missiles
 B - a throwing net {=f, !d}
Armour
 c - a +1 shield (worn)
 p - a +0 pair of boots of flying (worn)
   (Okawaru gifted it to you on level 4 of the Lair of Beasts)
 R - a +2 pair of gloves of dexterity (worn)
   (You found it on level 1 of the Lair of Beasts)
 T - a +1 pair of boots of running
   (Okawaru gifted it to you on level 6 of the Lair of Beasts)
 V - the -2 hat of the Alchemist (worn) {rElec rPois rF+ rC+ rN+ MR+ rMut rCorr}
   (You bought it in a shop on level 2 of the Elven Halls)

   It protects you from fire.
   It protects you from cold.
   It insulates you from electricity.
   It protects you from poison.
   It protects you from negative energy.
   It affects your resistance to hostile enchantments.
   It protects you from acid and corrosion.
   It protects you from mutation.
 Y - a +0 chain mail of magic resistance (worn)
   (You took it off an orc warrior on level 14 of the Dungeon)
Jewellery
 a - an uncursed ring of protection from cold {rC+, !d}
   (You found it in an ice cave)
 e - a +5 amulet of reflection (around neck)
   (You found it on level 1 of the Dungeon)
 y - an uncursed ring of see invisible {sInv, !d}
   (You found it on level 4 of the Dungeon)
 H - an uncursed ring of fire {rF+, rC-}
   (You found it on level 13 of the Dungeon)
 K - a +3 ring of protection (left hand)
   (You found it on level 10 of the Dungeon)
 L - a ring of protection from fire (right hand) {rF+, !d}
   (You found it on level 10 of the Dungeon)
 N - an uncursed ring of protection from magic {MR+, !d}
   (You found it on level 13 of the Dungeon)
 P - an uncursed ring of ice {rC+, rF-}
   (You found it on level 2 of the Lair of Beasts)
Wands
 E - a wand of acid (5)
   (You found it on level 1 of the Lair of Beasts)
 F - a wand of digging (44)
   (You found it on level 8 of the Dungeon)
 J - a wand of iceblast (10)
   (You found it on level 1 of the Elven Halls)
 W - a wand of polymorph (12)
   (You found it on level 2 of the Elven Halls)
 X - a wand of clouds (9)
   (You found it on level 2 of the Lair of Beasts)
Scrolls
 g - 3 scrolls of fog
 i - 12 scrolls of identify
 j - 5 scrolls of immolation {!r}
 n - a scroll of brand weapon
 o - 5 scrolls of magic mapping {!r}
 q - 3 scrolls of blinking {!r}
 t - 8 scrolls of teleportation
 x - 10 scrolls of remove curse
 C - 3 scrolls of fear
 G - 2 scrolls of vulnerability {!r!r}
Potions
 b - 3 potions of cancellation
 d - 5 potions of might
 h - 4 potions of agility
 k - 10 potions of curing
 m - 2 potions of ambrosia
 s - a potion of mutation {!q}
 u - 5 potions of haste
 v - 2 potions of magic
 w - 2 potions of lignification {!q}
 A - 2 potions of invisibility
 M - 2 potions of degeneration {@e1!q}
 O - 2 potions of flight
 S - 4 potions of brilliance
Miscellaneous
 l - a lamp of fire
   (You found it on level 6 of the Lair of Beasts)
 r - a sack of spiders
 Q - a lightning rod (4/4)
   (You found it on level 11 of the Dungeon)
 U - a phantom mirror
Comestibles
 f - 54 rations {@e1}
 D - 10 chunks of flesh {@w0}


   Skills:
 + Level 15.5(20.5) Fighting
 - Level 12.0(17.0) Maces & Flails
 + Level 6.3(11.3) Armour
 + Level 11.0(16.0) Dodging
 - Level 15.0(20.0) Shields
 - Level 8.9 Invocations


You had 15 spell levels left.
You knew the following spells:

 Your Spells              Type           Power        Failure   Level  Hunger
b - Blink                 Tloc           N/A          98%         2    ###....


Dungeon Overview and Level Annotations

Branches:
Dungeon (14/15)            Temple (0/1) D:5            Lair (6/6) D:11
 Shoals (1/4) Lair:2        Snake (0/4) Lair:3        Slime (0/5) Lair:5
    Orc (2/2) D:10            Elf (2/3) Orc:2        Vaults (0/5) D:13

Altars:
Gozag
Kikubaaqudgha
Nemelex Xobeh
Okawaru
Qazlal
Ru
Sif Muna
Trog
Xom
Beogh
Jiyva

Shops:
Orc:2 [%[}(   Elf:2 [**

Annotations:
D:2 Sigmund
Lair:5 1 runed door, exclusion: 3 oklob plants


Innate Abilities, Weirdness & Mutations

You have razor-sharp teeth.
You heal very quickly.
When hurt, damage is shared between your health and your magic reserves.
Your bite disrupts and absorbs the magic of your enemies.
Potions cannot restore your health.
You are immune to rotting.
Your spells are a little easier to cast, but a little less powerful.


Message History

You take 3 damage, and have 101/104 hp.
You now have 24/25 mp.
You barely miss the sea snake.
You bite the sea snake, but do no damage.
The sea snake bites you.
You take 3 damage, and have 98/104 hp.
You now have 23/25 mp.
You thrash the sea snake!! Your bite misses the sea snake.
You whack the sea snake!
You kill the sea snake!
Okawaru accepts your kill.
No target in view!
Found a stone staircase leading down.
A merfolk siren comes into view. It is wielding a spear.
The merfolk siren chants a haunting song.
You resist with almost no effort.
You regained 2 hp, and now have 102/104 hp.
A merfolk siren is nearby!
The merfolk siren chants a haunting song.
You resist with almost no effort.
The merfolk siren chants a haunting song.
You resist with almost no effort.
Health restored: 104 You whack the merfolk siren!
You bite the merfolk siren!
The merfolk siren's magic leaks into the air.
You drain its magic.
You feel invigorated. The merfolk siren closely misses you.
MP restored: 25 You barely miss the merfolk siren.
You bite the merfolk siren!
The merfolk siren's magic leaks into the air.
You drain its magic.
You hit the merfolk siren but do no damage.
The merfolk siren falters for a moment.
You whack the merfolk siren!
Lightning courses through the merfolk siren!
You kill the merfolk siren!
Okawaru accepts your kill.
No target in view!
You see here a spear.
A kraken comes into view.
A kraken is nearby!
You whack the kraken! You bite the kraken, but do no damage.
You whack the kraken! You bite the kraken, but do no damage.
You block the kraken's attack.
You whack the kraken!
Tentacles burst out of the water! 4 tentacles come into view.
You hit the kraken. You bite the kraken, but do no damage.
You block the kraken's attack.
You whack the kraken! You bite the kraken, but do no damage.
The tentacle slaps you! The tentacle slaps you!!
You block the tentacle's attack. x2
You take 26 damage, and have 78/104 hp.
MASSIVE DAMAGE!!
You now have 19/25 mp.
You gain the combat prowess of a mighty hero.
You block the tentacle's attack. The tentacle misses you. x2
You block the tentacle's attack. The kraken bites you! The tentacle slaps you!
You block the tentacle's attack. The tentacle completely misses you.
You block the tentacle's attack. You block the kraken's attack.
You take 13 damage, and have 65/104 hp.
You now have 15/25 mp.
You hit the kraken. You bite the kraken, but do no damage.
The tentacle slaps you but does no damage.
The tentacle completely misses you. You block the tentacle's attack.
The tentacle slaps you!
You take 10 damage, and have 55/104 hp.
You now have 12/25 mp.
You whack the kraken! Lightning courses through the kraken!
You bite the kraken! You drain its power.
You feel invigorated. You block the kraken's attack.
You block the tentacle's attack. The tentacle slaps you!
You take 9 damage, and have 46/104 hp.
You regained 10 mp, and now have 22/25 mp.
You hit the kraken. Lightning courses through the kraken! You bite the kraken.
You drain its power.
You feel invigorated. The tentacle misses you. You block the tentacle's attack.
The kraken barely misses you.
You can now deal lightning-fast blows.
You block the tentacle's attack. x3; The tentacle completely misses you.
The kraken bites you!!
* * * LOW HITPOINT WARNING * * *
The tentacle slaps you!
* * * LOW HITPOINT WARNING * * *
The tentacle closely misses you. The tentacle completely misses you.
The tentacle slaps you!
* * * LOW HITPOINT WARNING * * *
You take 41 damage, and have 6/104 hp.
MASSIVE DAMAGE!!
You now have 3/25 mp.
You hit the kraken but do no damage. Lightning courses through the kraken!
You bite the kraken, but do no damage. The tentacle misses you.
The tentacle slaps you!
* * * LOW HITPOINT WARNING * * *
You block the tentacle's attack. The tentacle barely misses you.
You block the kraken's attack.
You take 4 damage, and have 2/104 hp.
You now have 0/25 mp.
You hit the kraken but do no damage. Lightning courses through the kraken!
You hit the kraken but do no damage. You bite the kraken. You drain its power.
You feel invigorated.
You regained 7 mp, and now have 7/25 mp.
You hit the kraken. You bite the kraken, but do no damage.
The tentacle completely misses you. You block the tentacle's attack. x2
The tentacle slaps you but does no damage.
The kraken bites you!!
You die...

.≈...≈)≈≈≈≈≈
...#..≈≈≈≈≈≈≈≈≈≈≈≈≈≈≈≈≈≈
.....≈≈≈≈≈≈≈≈≈≈≈≈≈≈≈≈≈≈≈
.≈≈≈.≈≈≈≈≈≈≈≈≈≈≈≈≈≈≈≈≈≈≈
#≈≈≈≈≈≈≈≈≈≈≈≈≈≈≈≈≈≈≈≈≈≈≈
#≈≈≈≈≈≈≈≈≈≈≈≈≈≈≈≈≈≈≈≈≈≈≈
#≈≈≈≈≈≈≈≈≈≈≈≈≈≈≈≈≈≈≈≈≈≈≈
#.≈≈≈≈≈≈≈≈≈≈.≈≈wXw≈≈≈≈≈≈
#≈≈≈≈≈≈≈≈≈≈≈..≈w@w≈≈≈≈≈≈
#≈≈.#.≈≈≈..≈.≈≈≈≈≈≈≈≈≈≈≈
#≈≈##.≈≈...≈≈≈≈≈≈≈≈≈≈≈≈≈
.≈≈.).......≈≈≈≈≈≈≈≈≈≈≈≈
≈≈≈.≈≈.......≈≈≈≈≈≈≈≈≈≈≈
≈≈≈≈≈≈≈..>..≈≈≈≈≈≈≈≈≈≈≈≈
≈≈≈≈≈≈≈...≈≈≈≈≈≈≈≈≈≈≈≈≈≈
≈≈≈≈≈≈≈≈.≈≈≈≈≈≈≈≈≈≈≈≈≈≈≈
≈≈≈≈≈≈≈≈≈≈≈≈≈≈≈≈≈≈≈≈≈≈≈≈


You could see a kraken and 4 tentacles.

Vanquished Creatures
  A frost giant (IceCv)
  A deep elf sorcerer (Elf:1)
  An ettin (Orc:1)
  Snorg (Orc:1)
  5 hydras
  4 ogre magi (Orc:2)
  4 vault guards (D:13)
  A catoblepas (Lair:6)
  A merfolk aquamancer (Shoals:1)
  A merfolk avatar (Lair:6)
  25 two-headed ogres
  A tengu warrior (D:14)
  A death yak (IceCv)
  14 dancing weapons
  Nergalle (Orc:1)
  10 deep elf knights
  5 skeletal warriors (D:14)
  An unseen horror (shapeshifter) (D:14)
  7 sea snakes
  6 deep elf archers
  2 lindwurms (Lair:4)
  4 orc sorcerers
  4 orc knights
  8 ugly things
  48 deep elf magi
  3 manticores
  4 elephants (Lair:6)
  3 cyclopes
  3 centaur zombies
  9 black mambas
  4 merfolk sirens (Shoals:1)
  A torpor snail (Lair:3)
  An ice statue (IceCv)
  3 gargoyles
  12 spiny frogs
  5 rime drakes
  21 komodo dragons
  2 kobold demonologists (D:14)
  2 freezing wraiths (D:14)
  19 polar bears
  A wind drake (Lair:6)
  3 merfolk (Shoals:1)
  3 meliai (D:12)
  A queen bee (D:12)
  6 trolls
  13 blink frogs
  7 slime creatures
  2 snapping turtles (Shoals:1)
  3 hornets
  9 hippogriffs
  5 dream sheep (Lair:3)
  3 air elementals
  A shadow (D:9)
  6 wyverns
  A vampire (D:13)
  2 wraiths
  35 yaks
  2 basilisks
  7 water elementals
  2 fire elementals
  3 hungry ghosts
  7 nagas (Lair:3)
  2 vampire mosquitoes (D:13)
  A soldier ant (D:12)
  5 wargs
  An acid dragon (D:14)
  19 water moccasins
  13 ice beasts
  7 porcupines
  3 sky beasts
  2 phantoms
  A black bear (Lair:5)
  2 eyes of draining
  A necrophage (D:11)
  20 wolves
  19 orc warriors
  32 ogres
  17 centaurs
  13 crocodiles
  3 big kobolds
  2 earth elementals (Elf:2)
  19 bullfrogs
  5 scorpions
  23 killer bees (D:12)
  19 wights
  2 electric eels (Lair:4)
  8 crimson imps
  2 bullfrog zombies
  6 hounds
  A quasit (D:11)
  10 orc priests
  3 iguanas
  4 jellies
  A bullfrog skeleton (D:7)
  6 centaur skeletons
  4 human zombies (D:11)
  2 human skeletons (D:11)
  26 orc wizards
  8 worker ants
  A hound skeleton (D:6)
  2 mummies (D:11)
  2 worker ant zombies
  14 adders
  3 gnolls (D:6)
  11 river rats (D:5)
  3 shadow imps
  2 oozes
  3 adder skeletons
  2 worms
  2 dart slugs
  4 leopard geckos
  60 orcs
  2 ball pythons
  6 giant cockroaches
  8 goblins
  11 hobgoblins
  14 jackals
  8 quokkas
  9 bats
  6 frilled lizards
  A jackal skeleton (D:9)
  22 kobolds
  2 leopard gecko skeletons
  An orc zombie (D:11)
  26 rats
  4 rat zombies (D:9)
  A butterfly (Lair:3)
913 creatures vanquished.

Vanquished Creatures (others)
  A dancing weapon (Elf:2)
  A deep elf archer (Elf:2)
  4 centaurs
  An orc (D:10)
  A bush (Lair:6)
  17 fungi
  14 plants
  10 toadstools (Lair:4)
49 creatures vanquished.

Grand Total: 962 creatures vanquished

Notes
Turn   | Place    | Note
-------+----------+-------------------------------------------
     0 | D:1      | Firecrotchwizard the Vine Stalker Fighter began the quest for the Orb.
     0 | D:1      | Reached XP level 1. HP: 11/11 MP: 2/2
    52 | D:1      | Reached skill level 2 in Maces & Flails
   184 | D:1      | Reached XP level 2. HP: 16/16 MP: 3/3
   462 | D:1      | Reached skill level 3 in Fighting
   463 | D:1      | Reached XP level 3. HP: 18/20 MP: 4/4
   464 | D:1      | Reached skill level 3 in Shields
   864 | D:2      | Found an iron altar of Okawaru.
  1043 | D:2      | Reached skill level 3 in Maces & Flails
  1043 | D:2      | Gained mutation: Your natural rate of healing is unusually fast. [Vine Stalker growth]
  1043 | D:2      | Reached XP level 4. HP: 10/24 MP: 5/5
  1085 | D:2      | Became a worshipper of Warmaster Okawaru
  1160 | D:2      | Noticed Sigmund
  1415 | D:3      | Found a sacrificial altar of Ru.
  1859 | D:4      | Reached XP level 5. HP: 28/28 MP: 6/6
  1887 | D:4      | Found a bloodstained altar of Trog.
  1960 | D:4      | Reached skill level 4 in Maces & Flails
  2037 | D:4      | Reached * piety under Okawaru
  2037 | D:4      | Reached XP level 6. HP: 21/33 MP: 5/7
  2283 | D:4      | Found a stormy altar of Qazlal.
  2514 | D:4      | You fall through a shaft for 2 floors!
  2514 | D:6      | Found an opulent altar of Gozag.
  2514 | D:6      | Noticed a sky beast
  2519 | D:5      | Entered Level 5 of the Dungeon
  2598 | D:5      | Found a staircase to the Ecumenical Temple.
  2991 | D:5      | Reached skill level 4 in Fighting
  2991 | D:5      | Reached skill level 4 in Shields
  3294 | D:5      | Reached XP level 7. HP: 37/37 MP: 8/8
  3437 | D:5      | Reached skill level 5 in Maces & Flails
  3826 | D:5      | Gained mutation: You have razor-sharp teeth. [Vine Stalker growth]
  3826 | D:5      | Reached XP level 8. HP: 42/42 MP: 7/9
  4134 | D:6      | Reached ** piety under Okawaru
  4134 | D:6      | Reached skill level 6 in Maces & Flails
  4156 | D:5      | HP: 9/42 [iguana (4)]
  4158 | D:5      | Reached skill level 5 in Shields
  4159 | D:5      | Reached skill level 5 in Fighting
  4575 | D:6      | Reached skill level 7 in Maces & Flails
  4980 | D:7      | Reached *** piety under Okawaru
  5091 | D:7      | Reached XP level 9. HP: 48/48 MP: 10/10
  5441 | D:7      | Reached skill level 6 in Fighting
  5441 | D:7      | Reached skill level 6 in Shields
  5590 | D:7      | Reached skill level 8 in Maces & Flails
  5700 | D:8      | Noticed a five-headed hydra
  5717 | D:8      | Killed a five-headed hydra
  5969 | D:8      | Found a shimmering altar of Xom.
  6093 | D:8      | Reached **** piety under Okawaru
  6106 | D:8      | Noticed a hornet
  6110 | D:8      | Noticed a black mamba
  6110 | D:8      | a hornet changed into a black mamba
  6119 | D:8      | Killed a black mamba
  6119 | D:8      | Reached skill level 9 in Maces & Flails
  6119 | D:8      | Reached XP level 10. HP: 53/53 MP: 11/11
  6195 | D:8      | Reached skill level 7 in Fighting
  6404 | D:9      | Noticed a two-headed ogre
  6469 | D:9      | Reached skill level 7 in Shields
  6553 | D:9      | Received a gift from Okawaru
  6761 | D:9      | Found a sparkling altar of Nemelex Xobeh.
  6835 | D:9      | Found a deep blue altar of Sif Muna.
  6852 | D:9      | Killed a two-headed ogre
  6852 | D:9      | Reached ***** piety under Okawaru
  6852 | D:9      | Reached skill level 10 in Maces & Flails
  7038 | D:9      | Noticed a cyclops
  7093 | D:9      | Killed a cyclops
  7296 | D:9      | Found an ancient bone altar of Kikubaaqudgha.
  7336 | D:10     | Entered Level 10 of the Dungeon
  7352 | D:10     | Reached skill level 1 in Invocations
  7430 | D:10     | Received a gift from Okawaru
  7551 | D:10     | Reached skill level 2 in Invocations
  7600 | D:10     | Reached XP level 11. HP: 60/60 MP: 13/13
  7651 | D:10     | Reached skill level 8 in Fighting
  7651 | D:10     | Reached skill level 8 in Shields
  7757 | D:10     | Found a staircase to the Orcish Mines.
  7797 | D:10     | Noticed a two-headed ogre
  7805 | D:10     | Killed a two-headed ogre
  7861 | D:10     | Reached skill level 3 in Invocations
  8281 | D:11     | Reached skill level 11 in Maces & Flails
  8381 | D:11     | Received a gift from Okawaru
  8464 | D:11     | Noticed a cyan ugly thing
  8482 | D:11     | Killed a cyan ugly thing
  8562 | D:11     | Reached skill level 4 in Invocations
  8807 | D:11     | Found a staircase to the Lair.
  8938 | D:11     | Found an ancient bone altar of Kikubaaqudgha.
  8995 | D:11     | Noticed a two-headed ogre
  9008 | D:11     | Killed a two-headed ogre
  9008 | D:11     | Received a gift from Okawaru
  9406 | Lair:1   | Entered Level 1 of the Lair of Beasts
  9422 | Lair:1   | Gained mutation: You heal very quickly. [Vine Stalker growth]
  9422 | Lair:1   | Reached XP level 12. HP: 48/65 MP: 11/16
  9510 | Lair:1   | Received a gift from Okawaru
  9526 | Lair:1   | Reached skill level 9 in Fighting
  9526 | Lair:1   | Reached skill level 5 in Invocations
  9531 | Lair:1   | Reached skill level 9 in Shields
  9535 | Lair:1   | Got a warped flail {god gift}
  9542 | Lair:1   | Identified the +5 flail "Vine's Death" {venom, rF+ rC+} (Okawaru gifted it to you on level 1 of the Lair of Beasts)
  9607 | Lair:1   | Reached skill level 12 in Maces & Flails
 10718 | Lair:2   | Found a staircase to the Shoals.
 11119 | Lair:2   | Reached skill level 6 in Invocations
 11150 | Lair:2   | Reached ****** piety under Okawaru
 11301 | Lair:2   | Received a gift from Okawaru
 11467 | Lair:3   | Found a staircase to the Snake Pit.
 11590 | Lair:3   | Reached skill level 7 in Invocations
 11595 | Lair:3   | Reached skill level 10 in Fighting
 11595 | Lair:3   | Reached skill level 10 in Shields
 11906 | Lair:4   | Noticed an eight-headed hydra
 11918 | Lair:4   | Killed an eight-headed hydra
 11918 | Lair:4   | Reached XP level 13. HP: 49/72 MP: 19/19
 12127 | Lair:4   | Reached skill level 8 in Invocations
 12349 | Lair:4   | Received a gift from Okawaru
 12387 | Lair:4   | Found a runed door.
 13209 | Lair:5   | Found the +8 whip "Snakebite" {curare, rPois}
 13402 | Lair:5   | Reached skill level 11 in Fighting
 13402 | Lair:5   | Reached skill level 11 in Shields
 13544 | Lair:5   | Found a runed door.
 13544 | Lair:5   | Found a viscous altar of Jiyva.
 13544 | Lair:5   | Found a staircase to the Slime Pits.
 13720 | Lair:5   | Got a scorched broad axe
 13814 | Lair:5   | Reached skill level 1 in Dodging
 14202 | Lair:6   | Entered Level 6 of the Lair of Beasts
 14241 | Lair:6   | Reached skill level 2 in Dodging
 14371 | Lair:6   | Received a gift from Okawaru
 14663 | Lair:6   | Reached skill level 3 in Dodging
 14753 | Lair:6   | Reached XP level 14. HP: 79/79 MP: 21/21
 14812 | Lair:6   | Found a bloodstained altar of Trog.
 14915 | Lair:6   | Received a gift from Okawaru
 14921 | Lair:6   | Reached skill level 4 in Dodging
 14949 | Lair:6   | Identified a +0 pair of boots of running (Okawaru gifted it to you on level 6 of the Lair of Beasts)
 14962 | Lair:6   | Reached skill level 13 in Shields
 14962 | Lair:6   | Reached XP level 15. HP: 84/84 MP: 22/22
 14963 | Lair:6   | Reached skill level 14 in Shields
 14963 | Lair:6   | Reached XP level 16. HP: 88/88 MP: 23/23
 15133 | Lair:6   | Reached skill level 12 in Fighting
 15682 | D:12     | Found a frozen archway.
 15715 | IceCv    | Entered an ice cave
 15951 | IceCv    | Reached skill level 5 in Dodging
 17054 | D:12     | Reached skill level 6 in Dodging
 17370 | D:13     | Found a gate to the Vaults.
 17412 | D:13     | Received a gift from Okawaru
 18336 | D:14     | Reached skill level 13 in Fighting
 18566 | D:14     | Reached skill level 7 in Dodging
 18566 | D:14     | Reached XP level 17. HP: 95/95 MP: 24/24
 18662 | D:14     | Reached skill level 15 in Shields
 19029 | D:14     | Received a gift from Okawaru
 19184 | Orc:1    | Entered Level 1 of the Orcish Mines
 19184 | Orc:1    | Noticed Snorg
 19187 | Orc:1    | Noticed Nergalle
 19192 | Orc:1    | Killed Snorg
 19195 | Orc:1    | Reached skill level 8 in Dodging
 19264 | Orc:1    | Killed Nergalle
 19553 | Orc:1    | Found a roughly hewn altar of Beogh.
 19723 | Orc:2    | Entered Level 2 of the Orcish Mines
 19883 | Orc:2    | Reached skill level 14 in Fighting
 19914 | Orc:2    | Reached skill level 9 in Dodging
 19935 | Orc:2    | Received a gift from Okawaru
 19956 | Orc:2    | Found Widial's Weapon Boutique.
 19956 | Orc:2    | Found Jeakk's Antique Armour Shoppe.
 19957 | Orc:2    | Found Ixithic's Food Shop.
 19957 | Orc:2    | Found Suimol's Gadget Shoppe.
 20226 | Orc:2    | Found Onus Sau's Antique Armour Emporium.
 20383 | Orc:2    | Found a staircase to the Elven Halls.
 20600 | Elf:1    | Entered Level 1 of the Elven Halls
 20620 | Elf:1    | Gained mutation: Your spells are a little easier to cast, but a little less powerful. [a neqoxec]
 20627 | Elf:1    | HP: 22/98 [glaive of freezing (3)]
 20632 | Elf:1    | HP: 19/98 [glaive of freezing (1)]
 20634 | Elf:1    | HP: 7/98 [fire elemental[a deep elf mage] (3)]
 20741 | Elf:1    | Got a translucent quarterstaff
 20777 | Elf:1    | Reached skill level 3 in Armour
 21088 | Elf:1    | Received a gift from Okawaru
 21091 | Elf:1    | Reached skill level 10 in Dodging
 21141 | Elf:1    | Reached XP level 18. HP: 62/103 MP: 22/25
 21245 | Elf:1    | Reached skill level 4 in Armour
 21265 | Elf:1    | Found a deep blue altar of Sif Muna.
 21466 | Elf:1    | Identified Ihinemuo's Almanac of Calling
 21806 | Elf:1    | Reached skill level 15 in Fighting
 21962 | Elf:2    | Found Peaq's Antique Armour Shoppe.
 21965 | Elf:2    | Bought the -2 hat of the Alchemist {rElec rPois rF+ rC+ rN+ MR+ rMut rCorr} for 1510 gold pieces
 21965 | Elf:2    | Found the -2 hat of the Alchemist {rElec rPois rF+ rC+ rN+ MR+ rMut rCorr}
 22021 | Elf:2    | Reached skill level 5 in Armour
 22240 | Elf:2    | Found a huge runed gate.
 22240 | Elf:2    | Found a huge runed gate.
 22240 | Elf:2    | Found a huge runed gate.
 22240 | Elf:2    | Found a huge runed gate.
 22243 | Elf:2    | Found a huge runed gate.
 22298 | Elf:2    | HP: 26/104 [drowned by a water elemental (1)]
 22421 | Elf:2    | Found Plog's General Store.
 22460 | Elf:2    | Bought a scroll of enchant armour for 82 gold pieces
 22467 | Elf:2    | Got a bloodstained helmet
 22468 | Elf:2    | Identified the +2 helmet of the Many Spreadsheets {MR+ Dex+2} (You found it on level 2 of the Elven Halls)
 22476 | Elf:2    | Found Jasoasulei's Assorted Antiques.
 23135 | Elf:2    | HP: 21/104 [dire flail of crushing (18)]
 23372 | Shoals:1 | Entered Level 1 of the Shoals
 23479 | Shoals:1 | Reached skill level 6 in Armour
 23620 | Shoals:1 | Received a gift from Okawaru
 23631 | Shoals:1 | Reached skill level 11 in Dodging
 23834 | Shoals:1 | Identified the Grimoire of Spatial Venom
 23839 | Shoals:1 | Learned a level 2 spell: Blink
 23988 | Shoals:1 | HP: 24/104 [kraken (24)]
 23988 | Shoals:1 | HP: 6/104 [tentacle[a kraken] (6)]
 23989 | Shoals:1 | HP: 2/104 [tentacle[a kraken] (4)]
 23992 | Shoals:1 | Mangled by a kraken

Vault maps used:
D:1:      minmay_arrival_cross
D:2:      okawaru_ov_weapons_minmay, uniq_sigmund
D:3:      nicolae_ru_sacrificial_ziggurat
D:4:      grunt_temple_overflow_open
D:5:      lemuel_ratsnest, minmay_temple_entry_nine_rooms, first_ration,
          serial_bayou_lagoon_a
D:6:      overflow_temple_1_default, minmay_fountain_box
D:8:      kennysheep_little_box, grunt_ogre_cave
D:9:      lemuel_zombie_altar_kikubaaqudgha, overflow_temple_1_default,
          nemelex_altar_shiori
D:10:     orc_0_dummy, feat_on_display
D:11:     lair_entry_dummy, lemuel_mausoleum_altar_kikubaaqudgha
D:12:     portal_ice_cave_entry_ice_beasts
D:13:     lightli_vaults_fourway_checkpoint
D:14:     minmay_misc_feat_enclosed
Lair:1:   beast_lair_carwin_9, lemuel_fruit_tree
Lair:2:   elwin_shoals_entry_rocks
Lair:3:   minmay_snake_entry_guardpost_medium, lemuel_fruit_fields,
          lemuel_fruit_fields
Lair:4:   gammafunk_lair_enchanted_lake, serial_bayou_shore_b,
          grunt_megastairs_5, serial_bayou_shore_b
Lair:5:   minmay_guarded_unrand_snakebite, slime_altar_2, st_stairs_5,
          disabler_island
Lair:6:   gammafunk_lair_ancient_temple, minivault_27, lemuel_centaur_altar
Shoals:1: argonaut_gorgonesque
Orc:1:    basic_altar, uniq_snorg, uniq_nergalle
Orc:2:    st_orc_ogre_mass, serial_shops, shop
Elf:1:    eino_elf_arrival_shootout, basic_altar, minmay_elf_demonology,
          st_stairs_5, nicolae_elf_glass_and_crystal_pillar_2,
          minmay_misc_feat_rows
Elf:2:    serial_shops, nicolae_shop_overgrown_old_shop,
          nicolae_shop_temple_entry_statues_fountains, nicolae_shop_behind_doors
IceCv:    ice_cave_caverns_03

Skill      XL: |  1  2  3  4  5  6  7  8  9 10 11 12 13 14 15 16 17 18 |
---------------+-------------------------------------------------------+-----
Maces & Flails | 2 3 4 5 7 9 10 11 12 | 12.0
Fighting       | 3 4 5 6 7 8 10 11 13 14 15 | 15.5
Shields        | 3 4 5 6 7 8 10 11 13 14 15 | 15.0
Invocations    | 2 4 7 8 |  8.9
Dodging        | 3 4 7 10 11 | 11.0
Armour         | 3 6 |  6.3

Action                   |  1- 3 |  4- 6 |  7- 9 | 10-12 | 13-15 | 16-18 || total
-------------------------+-------+-------+-------+-------+-------+-------++-------
Melee: Flail             |   104 |   170 |   264 |       |       |       ||   538
       Bite              |    20 |    56 |   123 |   309 |   170 |   730 ||  1408
       Whip              |       |       |   108 |   643 |       |       ||   751
       Demon whip        |       |       |       |    79 |   352 |  1586 ||  2017
Throw: Javelin           |       |       |       |    41 |       |       ||    41
       Tomahawk          |       |       |       |    64 |    26 |       ||    90
Invok: Heroism           |       |       |     2 |     5 |       |     4 ||    11
       Finesse           |       |       |       |       |       |     2 ||     2
Evoke: Wand              |       |       |     3 |     1 |       |     6 ||    10
  Use: Scroll            |       |     8 |    11 |     6 |     5 |    15 ||    45
       Potion            |       |       |       |       |     2 |       ||     2
  Eat: Chunk             |       |     6 |     8 |    13 |    10 |    29 ||    66
       Ration            |       |     1 |       |     2 |       |       ||     3
Armor: Scale mail        |    50 |    63 |    77 |       |       |       ||   190
       Chain mail        |       |       |       |   125 |    64 |   239 ||   428
Dodge: Dodged            |    47 |    41 |    73 |    56 |    35 |   307 ||   559
Block: Shield            |    54 |   105 |   296 |   396 |   200 |  1018 ||  2069
       Reflection        |       |       |     1 |    31 |    13 |    28 ||    73

Table legend:
 A = Spawn XP
 B = Non-spawn XP
 C = Spawn XP percentage of total XP
 D = Spawn monster count
 E = Non-spawn monster count
 F = Spawn count percentage of total count
 G = Total turns spent on level
                    A         B        C        D         E        F      G
               +---------+---------+-------+---------+---------+-------+---------
         Total |       0 |  212120 |   0.0 |       0 |     918 |   0.0 | 23992
               +---------+---------+-------+---------+---------+-------+---------
           D:1 |       0 |      49 |   0.0 |       0 |      27 |   0.0 |   678
           D:2 |       0 |      46 |   0.0 |       0 |      21 |   0.0 |   492
           D:3 |       0 |      64 |   0.0 |       0 |      23 |   0.0 |   644
           D:4 |       0 |     228 |   0.0 |       0 |      13 |   0.0 |  1006
           D:5 |       0 |    1033 |   0.0 |       0 |      63 |   0.0 |  1388
           D:6 |       0 |     800 |   0.0 |       0 |      20 |   0.0 |   712
           D:7 |       0 |     833 |   0.0 |       0 |      16 |   0.0 |   754
           D:8 |       0 |    1868 |   0.0 |       0 |      10 |   0.0 |   785
           D:9 |       0 |    2788 |   0.0 |       0 |      19 |   0.0 |   877
          D:10 |       0 |    4763 |   0.0 |       0 |      43 |   0.0 |  1013
          D:11 |       0 |    6763 |   0.0 |       0 |      75 |   0.0 |  1279
          D:12 |       0 |    9597 |   0.0 |       0 |      62 |   0.0 |   731
          D:13 |       0 |   10199 |   0.0 |       0 |      30 |   0.0 |   995
          D:14 |       0 |   18487 |   0.0 |       0 |      52 |   0.0 |   775
        Lair:1 |       0 |    4884 |   0.0 |       0 |      22 |   0.0 |  1019
        Lair:2 |       0 |    2142 |   0.0 |       0 |      12 |   0.0 |   867
        Lair:3 |       0 |    5084 |   0.0 |       0 |      24 |   0.0 |   630
        Lair:4 |       0 |    8645 |   0.0 |       0 |      29 |   0.0 |  1280
        Lair:5 |       0 |    7430 |   0.0 |       0 |      30 |   0.0 |  1112
        Lair:6 |       0 |   18878 |   0.0 |       0 |      60 |   0.0 |  1355
      Shoals:1 |       0 |   10194 |   0.0 |       0 |      23 |   0.0 |   620
         Orc:1 |       0 |    6835 |   0.0 |       0 |      41 |   0.0 |   535
         Orc:2 |       0 |   25520 |   0.0 |       0 |      71 |   0.0 |   885
         Elf:1 |       0 |   26097 |   0.0 |       0 |      41 |   0.0 |  1317
         Elf:2 |       0 |   26972 |   0.0 |       0 |      47 |   0.0 |  1266
         IceCv |       0 |   11921 |   0.0 |       0 |      44 |   0.0 |   977
               +---------+---------+-------+---------+---------+-------+---------

Vault maps used:
D:1:      minmay_arrival_cross
D:2:      okawaru_ov_weapons_minmay, uniq_sigmund
D:3:      nicolae_ru_sacrificial_ziggurat
D:4:      grunt_temple_overflow_open
D:5:      lemuel_ratsnest, minmay_temple_entry_nine_rooms, first_ration,
          serial_bayou_lagoon_a
D:6:      overflow_temple_1_default, minmay_fountain_box
D:8:      kennysheep_little_box, grunt_ogre_cave
D:9:      lemuel_zombie_altar_kikubaaqudgha, overflow_temple_1_default,
          nemelex_altar_shiori
D:10:     orc_0_dummy, feat_on_display
D:11:     lair_entry_dummy, lemuel_mausoleum_altar_kikubaaqudgha
D:12:     portal_ice_cave_entry_ice_beasts
D:13:     lightli_vaults_fourway_checkpoint
D:14:     minmay_misc_feat_enclosed
Lair:1:   beast_lair_carwin_9, lemuel_fruit_tree
Lair:2:   elwin_shoals_entry_rocks
Lair:3:   minmay_snake_entry_guardpost_medium, lemuel_fruit_fields,
          lemuel_fruit_fields
Lair:4:   gammafunk_lair_enchanted_lake, serial_bayou_shore_b,
          grunt_megastairs_5, serial_bayou_shore_b
Lair:5:   minmay_guarded_unrand_snakebite, slime_altar_2, st_stairs_5,
          disabler_island
Lair:6:   gammafunk_lair_ancient_temple, minivault_27, lemuel_centaur_altar
Shoals:1: argonaut_gorgonesque
Orc:1:    basic_altar, uniq_snorg, uniq_nergalle
Orc:2:    st_orc_ogre_mass, serial_shops, shop
Elf:1:    eino_elf_arrival_shootout, basic_altar, minmay_elf_demonology,
          st_stairs_5, nicolae_elf_glass_and_crystal_pillar_2,
          minmay_misc_feat_rows
Elf:2:    serial_shops, nicolae_shop_overgrown_old_shop,
          nicolae_shop_temple_entry_statues_fountains, nicolae_shop_behind_doors
IceCv:    ice_cave_caverns_03

Table legend:
 A = Turns spent in this place as a percentage of turns spent in the entire game.
 B = Non-inter-level travel turns spent in this place as a percentage of non-inter-level travel turns spent in the entire game.
 C = Inter-level travel turns spent in this place as a percentage of turns spent in this place.
 D = Turns resting spent in this place as a percentage of non-inter-level travel turns spent in this place.
 E = Turns spent auto-exploring this place as a percentage of non-inter-level travel turns spent in this place.
 F = Non-inter-level travel turns spent in this place divided by the number of levels of this place that you've seen.
                   A       B       C       D       E      F
               +-------+-------+-------+-------+-------+----------------------
         Total | 100.0 | 100.0 |   4.8 |  10.7 |  61.7 | 878.4
       Dungeon |  50.6 |  50.0 |   5.8 |   7.7 |  66.7 | 815.9
          Lair |  26.1 |  26.1 |   4.7 |  12.2 |  64.0 | 994.7
        Shoals |   2.6 |   2.7 |   0.2 |   5.2 |  60.6 | 619.0
  Orcish Mines |   5.9 |   5.8 |   7.5 |  11.5 |  50.7 | 657.0
   Elven Halls |  10.8 |  11.1 |   1.7 |  21.9 |  42.7 | 1269.5
      Ice Cave |   4.1 |   4.3 |   0.0 |  10.2 |  54.9 | 977.0
               +-------+-------+-------+-------+-------+----------------------

Table legend:
 A = Kills in this place as a percentage of kills in entire the game.
 B = Kills by you in this place as a percentage of kills by you in the entire game.
 C = Kills by friends in this place as a percentage of kills by friends in the entire game.
 D = Other kills in this place as a percentage of other kills in the entire game.
 E = Experience gained in this place as a percentage of experience gained in the entire game.
 F = Experience gained in this place divided by the number of levels of this place that you have seen.
                   A       B       C       D       E      F
               +-------+-------+-------+-------+-------+----------------------
         Total | 100.0 | 100.0 |   N/A | 100.0 | 100.0 | 8158.5
       Dungeon |  51.6 |  51.6 |   N/A |  50.0 |  27.1 | 4108.4
          Lair |  19.3 |  19.2 |   N/A |  33.3 |  22.2 | 7843.8
        Shoals |   2.5 |   2.5 |   N/A |   0.0 |   4.8 | 10194.0
  Orcish Mines |  12.2 |  12.3 |   N/A |   0.0 |  15.3 | 16177.5
   Elven Halls |   9.6 |   9.5 |   N/A |  16.7 |  25.0 | 26534.5
      Ice Cave |   4.8 |   4.8 |   N/A |   0.0 |   5.6 | 11921.0
               +-------+-------+-------+-------+-------+----------------------
